AoeStats
← wildmeister

Oasis

509181523Analyzed
3v3 RM · 7d ago on Sep 25, 2026· 51m 6s· 6 players
Game mode
Random Map
Map size
Normal (6 player)
Population
200
Speed
Normal
Resources
Standard
Victory
Conquest
Starting age
Dark Age
Ending age
Imperial Age
RankedLock teamsTeams togetherTeam positionsShared explorationLock speedFull tech treeHidden civsTurbo modeCheats
Victory
Defeat
🇩🇪 Vietnamese · Germany
992
+11
🇩🇪 Lithuanians · Germany
992
+11
🇩🇪 Bohemians · Germany
772
+19
🇨🇿 Italians · Czechia
886
-15
🇵🇪 Varangians · Peru
872
-14
🇩🇪 Inca · Germany
836
-12
jhadir
11:45 Feudal Age
16:54 Castle Age
14:51 Double-Bit Axe
15:07 Horse Collar
22:44 Forging
22:42 Scale Barding Armor
23:17 Husbandry
23:28 Bloodlines
26:26 Fletching
27:10 Elite Skirmisher
27:54 Scale Mail Armor
30:20 Iron Casting
29:42 Bodkin Arrow
34:08 Gold Mining
34:10 Stone Mining
34:42 Chain Mail Armor
34:49 Chain Barding Armor
34:29 Padded Archer Armor
36:17 Wheelbarrow
37:46 Ballistics
40:04 Imperial Age
37:52 Hand Cart
38:47 Leather Archer Armor
40:24 Cavalier
42:42 Chemistry
43:21 Blast Furnace
42:23 Bracer
45:16 Plate Mail Armor
45:17 Ring Archer Armor
45:22 Plate Barding Armor
49:13 Conscription
49:11 Caravan
DrSchlitzz
11:17 Feudal Age
12:43 Wheelbarrow
12:05 Horse Collar
12:39 Double-Bit Axe
13:32 Gold Mining
14:58 Stone Mining
39:17 Castle Age
49:22 Hand Cart
Chillpia
9:53 Loom
11:59 Feudal Age
13:35 Wheelbarrow
13:04 Horse Collar
21:45 Castle Age
22:58 Hand Cart
23:03 Heavy Plow
23:03 Double-Bit Axe
24:41 Stone Mining
33:01 Imperial Age
30:19 Town Watch
31:20 Bow Saw
31:30 Town Patrol
31:34 Fletching
31:44 Padded Archer Armor
32:08 Ballistics
32:00 Masonry
33:22 Murder Holes
33:27 Bodkin Arrow
33:47 Leather Archer Armor
34:35 Silk Road
34:38 Conscription
34:54 Hoardings
37:55 Chemistry
37:26 Architecture
38:31 Bracer
40:07 Bracer
40:24 Leather Archer Armor
41:14 Elite Genoese Crossbowman
42:52 Thumb Ring
42:16 Elite Skirmisher
46:58 Leather Archer Armor
49:20 Pirotechnia
50:36 Pikeman
51:16 Squires
51:25 Scale Mail Armor
51:36 Forging
Arminius
7:29 Loom
10:12 Feudal Age
10:57 Double-Bit Axe
10:56 Horse Collar
13:28 Wheelbarrow
16:38 Fletching
23:30 Castle Age
21:43 Padded Archer Armor
22:54 Scale Mail Armor
23:47 Forging
24:02 Crossbowman
24:48 Thumb Ring
24:41 Bodkin Arrow
25:02 Leather Archer Armor
25:49 Bow Saw
29:42 Squires
30:20 Chain Mail Armor
31:44 Gold Mining
34:50 Hand Cart
34:20 Town Watch
38:28 Imperial Age
39:15 Iron Casting
38:03 Pikeman
38:29 Arson
38:07 Elite Skirmisher
39:39 Bracer
40:10 Ring Archer Armor
39:20 Arbalester
40:58 Ballistics
42:16 Two-Man Saw
44:00 Town Patrol
44:34 Plate Mail Armor
43:28 Imperial Skirmisher
43:33 Elite Fire Lancer
45:20 Chemistry
47:02 Masonry
51:02 Siege Engineers
50:39 Treadmill Crane
wildmeister
12:11 Feudal Age
12:41 Horse Collar
13:45 Wheelbarrow
13:07 Double-Bit Axe
21:05 Castle Age
24:26 Hand Cart
25:02 Pikeman
25:44 Squires
30:53 Chemistry
30:15 Ballistics
30:08 Bow Saw
30:01 Heavy Plow
36:24 Imperial Age
39:45 Elite Hussite Wagon
46:58 Houfnice
50:49 Caravan
Pacmac
11:17 Feudal Age
12:07 Double-Bit Axe
14:25 Horse Collar
18:59 Castle Age
18:07 Bloodlines
18:09 Forging
20:38 Husbandry
20:00 Light Cavalry
20:33 Fletching
22:19 Elite Skirmisher
23:00 Loom
24:07 Wheelbarrow
28:02 Scale Mail Armor
28:13 Heavy Plow
28:33 Bow Saw
29:18 Padded Archer Armor
31:33 Bodkin Arrow
34:43 Imperial Age
32:29 Hand Cart
32:00 Town Watch
33:18 Thumb Ring
33:12 Pikeman
34:32 Ballistics
34:36 Squires
33:58 Man-at-Arms
35:01 Elite Leitis
36:02 Conscription
37:02 Iron Casting
36:30 Bracer
36:46 Leather Archer Armor
36:32 Long Swordsman
38:25 Imperial Skirmisher
40:21 Masonry
41:06 Tower Shields
42:45 Chain Mail Armor
42:45 Leather Archer Armor
43:30 Cavalier
43:35 Two-Handed Swordsman
44:30 Capped Ram
44:31 Onager
46:57 Town Patrol
46:35 Champion
46:36 Halberdier
47:02 Arson
49:31 Two-Man Saw
49:06 Crop Rotation
49:09 Ring Archer Armor
49:39 Caravan
50:03 Paladin
Connection lost

Rejoining the realm…

Still unreachable

The connection could not be restored.

Session expired

The server has moved on; the page needs a fresh start.